 Dungeon Crawl Stone Soup version 0.18.1-50-g88ac8fd (webtiles) character file.

14868 magog001 the Blocker (level 11, -4/100 HPs)
             Began as a Minotaur Fighter on Dec 25, 2016.
             Was an Elder of Nemelex Xobeh.
             Killed from afar by an orc sorcerer (28 damage)
             ... with a bolt of negative energy
             ... while paralysed by an orc sorcerer
             ... on level 2 of the Orcish Mines.
             The game lasted 01:09:20 (12238 turns).

magog001 the Blocker (Minotaur Fighter)            Turns: 12238, Time: 01:09:21

Health: -4/100     AC: 14    Str: 23    XL:     11   Next: 94%
Magic:  10/10      EV:  2    Int:  5    God:    Nemelex Xobeh [****..]
Gold:   969        SH:  0    Dex: 14    Spells: 0 memorised, 10 levels left

rFire  . . .     SeeInvis +     k - +6 mace "Raisin" {holy, Dex+3}
rCold  . . .     Gourm    .     G - +4 chain mail {rPois}
rNeg   . . .     Faith    .     c - +0 shield
rPois  +         Spirit   .     (helmet restricted)
rElec  .         Dismiss  .     (no cloak)
rCorr  .         Reflect  +     g - +1 pair of gloves
SustAt .         Harm     .     (no boots)
MR     +....                    E - +2 amulet of reflection
Stlth  ..........               w - ring of protection from magic
                                s - ring of see invisible

@: paralysed, drained, somewhat resistant to hostile enchantments, extremely
unstealthy
A: retaliatory headbutt, horns 2, deformed body
a: Triple Draw, Deal Four, Renounce Religion


You were on level 2 of the Orcish Mines.
You worshipped Nemelex Xobeh.
Nemelex Xobeh was greatly pleased with you.
You were not hungry.

You visited 2 branches of the dungeon, and saw 12 of its levels.

You collected 969 gold pieces.

Inventory:

Hand Weapons
 k - the +6 mace "Raisin" (weapon) {holy, Dex+3}
   (You found it on level 8 of the Dungeon)

   It has been blessed by the Shining One to cause great damage to the undead
   and demons.
   It affects your dexterity (+3).
Missiles
 h - 28 arrows
 m - 10 poisoned needles
 n - 3 silver tomahawks
 p - 6 tomahawks (quivered)
 L - 8 javelins
Armour
 c - a +0 shield (worn)
 g - a +1 pair of gloves (worn)
 G - a +4 chain mail of poison resistance (worn)
Jewellery
 s - a ring of see invisible (left hand)
 w - a ring of protection from magic (right hand)
 E - a +2 amulet of reflection (around neck)
Wands
 D - a wand of acid (0/15)
 H - a wand of confusion (21/48)
 M - a wand of lightning (0/15)
Scrolls
 a - a scroll of identify
 t - a scroll of blinking
 y - a scroll of teleportation
 A - 2 scrolls of fog
Potions
 d - 2 potions of might
 e - a potion of invisibility
 f - a potion of lignification {unknown}
 o - 4 potions of curing
 u - 2 potions of berserk rage
 z - a potion of cancellation {unknown}
 C - a potion of brilliance
Miscellaneous
 i - a plain deck of destruction
 q - a plain deck of destruction
 v - a plain deck of destruction {drawn: 9}
 x - a plain deck of defence {drawn: 3}
 I - a plain deck of escape
 K - a plain deck of war {drawn: 2}
 N - a plain deck of destruction
Comestibles
 b - 2 bread rations
 j - 4 chunks of flesh
 J - a slice of pizza
 R - a fruit


   Skills:
 * Level 10.3(9.6) Fighting
   Level 5.7(6.9) Axes
 * Level 7.8(8.0) Maces & Flails
 * Level 5.2(4.6) Throwing
 * Level 10.8(10.1) Armour
 + Level 5.4(4.8) Dodging
 + Level 0.6(0.1) Stealth
 * Level 13.2(12.5) Shields
 + Level 1.1(0.6) Evocations


You had 10 spell levels left.
You didn't know any spells.

Dungeon Overview and Level Annotations

Branches:
Dungeon (10/15)            Temple (0/1) D:6             Orc (2/2) D:10
   Lair: D:8-11         Elf: Orc:2

Altars:
Elyvilon
Fedhas
Kikubaaqudgha
Nemelex Xobeh
Okawaru
Pakellas
Qazlal
Sif Muna
Trog
Xom
Yredelemnul
Beogh

Annotations:
D:3 Jessica
D:4 Prince Ribbit
Orc:2 exclusion: oklob plant


Innate Abilities, Weirdness & Mutations

You reflexively headbutt those who attack you in melee.
You have a pair of horns on your head.
Armour fits poorly on your strangely shaped body.


Message History

You barely miss the orc sorcerer.
The orc sorcerer is almost dead.
The orc sorcerer becomes larger for a moment.
The orc sorcerer gestures at you while chanting.
You suddenly lose the ability to move!
The orc sorcerer mumbles some strange words.
Send 'em back where they came from!
Your quarterstaff of venom disappears in a puff of smoke!
The orc sorcerer casts a spell at you. You resist with almost no effort.
The sun demon hits you!
You are engulfed in flames!
The warg pauses to sniff the ground.
The sun demon hits you but does no damage.
The orc sorcerer hits you but does no damage.
The sun demon hits you!!
You are engulfed in flames!
* * * LOW HITPOINT WARNING * * *
The orc sorcerer gestures at you while chanting.
The bolt of negative energy hits you!
You feel drained.
You die...
Your body glows slightly and disappears. ###'### ..... 8.458 oho # 3oo

. # #o# .# #.. #o# .#
#..###@###.#####
......3ยง)........
.......).........
#...................##
##.........#...#.##....
................## ...
#...............# .#
#.............#### #
#..#.....##.#..##


You could see a sun demon, a ynoxinul, a warg, 3 orc sorcerers, a red devil, 2
orc wizards, an orc and an ufetubus.

Vanquished Creatures
  An ogre mage (Orc:1)
  The ghost of magog001 the Blocker, a journeyman MiFi of Gozag (Orc:1)
  An orc high priest (Orc:2)
  An unseen horror (D:10)
  2 orc sorcerers (Orc:1)
  6 two-headed ogres
  2 trolls
  2 wraiths (D:8)
  2 wyverns (D:9)
  11 yaks (D:9)
  A steam dragon (D:10)
  The ghost of Duraxyll the Spear-Bearer, an amateur MfBe of Trog (D:3)
  Edmund (D:5)
  7 wargs
  A soldier ant (D:10)
  A water moccasin (D:10)
  A wasp (D:8)
  2 black bears (D:10)
  7 orc warriors
  2 necrophages
  A phantom (D:7)
  8 ogres
  A wolf (D:8)
  6 centaurs
  A big kobold (D:9)
  6 giant frogs
  A troll zombie (D:8)
  A water moccasin skeleton (D:9)
  3 scorpions
  3 killer bees (D:7)
  2 wights (D:8)
  3 howler monkeys (D:8)
  A wasp zombie (D:10)
  2 giant frog zombies
  4 crimson imps
  3 quasits
  2 human zombies (D:8)
  3 jellies
  8 orc priests
  7 hounds
  17 orc wizards
  2 giant frog skeletons
  A human skeleton (D:8)
  3 iguanas
  Natasha (twice) (D:4)
  9 worker ants
  A hound zombie (D:5)
  2 hound skeletons
  2 mummies (D:8)
  A howler monkey zombie (D:6)
  7 gnolls
  16 adders
  5 shadow imps
  2 oozes
  2 adder skeletons
  3 worms
  2 dart slugs
  6 giant geckos
  68 orcs
  3 ball pythons
  7 giant cockroaches
  14 goblins
  9 hobgoblins
  2 jackals (D:1)
  8 quokkas
  9 bats
  A giant cockroach zombie (D:5)
  6 giant newts
  10 kobolds
  A quokka skeleton (D:7)
  6 rats
  A fungus (D:8)
347 creatures vanquished.

Vanquished Creatures (collateral kills)
  2 killer bees (D:7)
  An orc wizard (Orc:2)
  A mummy (D:8)
  An orc (D:7)
5 creatures vanquished.

Vanquished Creatures (others)
  An orc knight (Orc:1)
  A centaur (D:10)
  An orc (Orc:1)
  A fungus (D:8)
4 creatures vanquished.

Grand Total: 356 creatures vanquished

Notes
Turn   | Place    | Note
--------------------------------------------------------------
     0 | D:1      | magog001 the Minotaur Fighter began the quest for the Orb.
     0 | D:1      | Reached XP level 1. HP: 19/19 MP: 0/0
   323 | D:1      | Reached XP level 2. HP: 22/27 MP: 1/1
   543 | D:1      | Reached skill level 4 in Shields
   782 | D:1      | Reached XP level 3. HP: 33/33 MP: 2/2
   958 | D:2      | Reached skill level 1 in Dodging
   997 | D:2      | Noticed a hungry ghost
  1003 | D:2      | Reached XP level 4. HP: 32/40 MP: 3/3
  1454 | D:2      | Paralysed by fainting for 5 turns
  1467 | D:2      | Paralysed by fainting for 9 turns
  2004 | D:2      | Reached XP level 5. HP: 47/47 MP: 4/4
  2293 | D:3      | Found an iron altar of Okawaru.
  2293 | D:3      | Found a sparkling altar of Nemelex Xobeh.
  2308 | D:3      | Became a worshipper of Nemelex Xobeh the Trickster
  2512 | D:3      | Reached skill level 5 in Shields
  2554 | D:3      | Received a gift from Nemelex Xobeh
  2574 | D:3      | Reached skill level 5 in Armour
  2677 | D:3      | Noticed Duraxyll's ghost (amateur MfBe)
  2714 | D:3      | Killed Duraxyll's ghost
  2714 | D:3      | Reached skill level 5 in Fighting
  2714 | D:3      | Reached XP level 6. HP: 37/56 MP: 5/5
  2813 | D:3      | Found a stormy altar of Qazlal.
  2813 | D:3      | Found a blossoming altar of Fedhas.
  2998 | D:3      | Noticed Jessica
  3008 | D:3      | Found a deep blue altar of Sif Muna.
  3637 | D:4      | Noticed Natasha
  3639 | D:4      | Killed Natasha
  3781 | D:5      | Entered Level 5 of the Dungeon
  3781 | D:5      | Found an ancient bone altar of Kikubaaqudgha.
  3825 | D:4      | Reached XP level 7. HP: 59/61 MP: 6/6
  3882 | D:4      | Noticed Natasha
  3889 | D:4      | Killed Natasha
  4124 | D:4      | Reached * piety under Nemelex Xobeh
  4337 | D:5      | Found a bloodstained altar of Trog.
  4391 | D:5      | Noticed Prince Ribbit
  4805 | D:5      | Reached skill level 5 in Axes
  4874 | D:5      | Noticed Edmund
  4891 | D:5      | Killed Edmund
  4891 | D:5      | Reached skill level 6 in Shields
  5036 | D:5      | Reached XP level 8. HP: 69/70 MP: 7/7
  5260 | D:6      | Received a gift from Nemelex Xobeh
  5349 | D:6      | Reached skill level 7 in Shields
  5358 | D:6      | Reached skill level 1 in Maces & Flails
  5767 | D:6      | Reached ** piety under Nemelex Xobeh
  5799 | D:6      | Received a gift from Nemelex Xobeh
  5910 | D:6      | Found a staircase to the Ecumenical Temple.
  6159 | D:7      | Reached skill level 1 in Throwing
  6243 | D:7      | Reached skill level 8 in Shields
  6287 | D:7      | Reached XP level 9. HP: 79/79 MP: 8/8
  6665 | D:7      | Received a gift from Nemelex Xobeh
  7093 | D:8      | Found a shimmering altar of Xom.
  7121 | D:8      | Got an ichor-stained mace
  7156 | D:8      | Identified the +6 mace "Raisin" {holy, Dex+3} (You found it on level 8 of the Dungeon)
  7163 | D:8      | Reached skill level 9 in Shields
  7240 | D:8      | Received a gift from Nemelex Xobeh
  7369 | D:8      | Found a basalt altar of Yredelemnul.
  7374 | D:8      | Reached skill level 10 in Shields
  7418 | D:8      | Reached XP level 10. HP: 88/88 MP: 9/9
  7747 | D:8      | Lost intelligence.
  7877 | D:9      | Reached *** piety under Nemelex Xobeh
  7993 | D:9      | Reached skill level 5 in Dodging
  8003 | D:9      | Reached skill level 5 in Maces & Flails
  8083 | D:9      | Found a white marble altar of Elyvilon.
  8741 | D:9      | Received a gift from Nemelex Xobeh
  8788 | D:9      | Reached skill level 11 in Shields
  9100 | D:10     | Entered Level 10 of the Dungeon
  9501 | D:10     | Found an oddly glowing altar of Pakellas.
  9589 | D:10     | Reached XP level 11. HP: 60/97 MP: 10/10
  9826 | D:10     | Noticed an unseen horror
  9855 | D:10     | Killed an unseen horror
  9857 | D:10     | Found a staircase to the Orcish Mines.
  9897 | D:10     | Received a gift from Nemelex Xobeh
 10181 | D:10     | Reached skill level 12 in Shields
 10256 | Orc:1    | Entered Level 1 of the Orcish Mines
 10272 | Orc:1    | Noticed magog001's ghost (journeyman MiFi)
 10289 | Orc:1    | Killed magog001's ghost
 10307 | Orc:1    | Reached skill level 10 in Armour
 10336 | Orc:1    | Noticed an orc sorcerer
 10341 | Orc:1    | Noticed an ogre mage
 10342 | Orc:1    | Killed an orc sorcerer
 10367 | Orc:1    | Killed an ogre mage
 10386 | Orc:1    | Reached skill level 5 in Throwing
 10391 | Orc:1    | Reached skill level 10 in Fighting
 10391 | Orc:1    | Reached skill level 1 in Evocations
 10646 | Orc:1    | Noticed an orc sorcerer
 11132 | Orc:1    | Killed an orc sorcerer
 11202 | Orc:1    | Noticed an orc knight
 11214 | Orc:1    | Killed an orc knight
 11668 | Orc:1    | Found a roughly hewn altar of Beogh.
 11719 | Orc:2    | Entered Level 2 of the Orcish Mines
 11719 | Orc:2    | Reached **** piety under Nemelex Xobeh
 11719 | Orc:2    | Noticed an orc high priest
 11760 | Orc:2    | Killed an orc high priest
 11760 | Orc:2    | Reached skill level 13 in Shields
 12171 | Orc:2    | Noticed an oklob plant
 12202 | Orc:2    | Noticed an orc sorcerer
 12210 | Orc:2    | Noticed an orc sorcerer
 12220 | Orc:2    | Noticed an orc sorcerer
 12226 | Orc:2    | Gained mutation: Armour fits poorly on your strangely shaped body. [a neqoxec]
 12234 | Orc:2    | Paralysed by an orc sorcerer for 6 turns
 12236 | Orc:2    | Noticed a sun demon
 12238 | Orc:2    | Killed from afar by an orc sorcerer

Skill      XL: |  1  2  3  4  5  6  7  8  9 10 11 |
---------------+----------------------------------+-----
Armour         | 4 5 6 7 8 9 10 | 10.8
Fighting       | 4 5 6 7 8 9 10 | 10.3
Shields        | 4 5 6 8 10 11 13 | 13.2
Dodging        | 1 2 3 4 5 |  5.4
Axes           | 3 4 5 |  5.7
Maces & Flails | 2 4 6 7 |  7.8
Throwing       | 1 3 4 5 |  5.2
Evocations     | 1 |  1.1
Stealth        | |  0.6

Action                   |  1- 3 |  4- 6 |  7- 9 | 10-12 || total
-------------------------+-------+-------+-------+-------++-------
Melee: War axe           |    84 |   180 |    79 |       ||   343
       Headbutt          |    10 |    30 |    75 |   120 ||   235
       Quarterstaff      |       |    28 |       |       ||    28
       Whip              |       |    15 |       |       ||    15
       Flail             |       |       |   217 |       ||   217
       Mace              |       |       |    65 |   490 ||   555
 Fire: Greatsling        |       |       |     9 |       ||     9
Throw: Tomahawk          |       |       |       |     7 ||     7
Evoke: Deck              |       |     3 |     7 |    12 ||    22
       Wand              |       |       |     5 |     4 ||     9
  Use: Scroll            |       |     9 |     4 |    11 ||    24
       Potion            |       |     1 |       |     6 ||     7
  Eat: Chunk             |       |    10 |     6 |     9 ||    25
       Bread ration      |       |     3 |       |       ||     3
       Meat ration       |       |     2 |     1 |       ||     3
       Pizza             |       |     1 |       |       ||     1
       Fruit             |       |       |     2 |     2 ||     4
       Beef jerky        |       |       |       |     1 ||     1
       Royal jelly       |       |       |       |     1 ||     1
Armor: Scale mail        |    46 |    33 |       |       ||    79
       Chain mail        |       |    95 |   177 |   152 ||   424
Dodge: Dodged            |    26 |    81 |   117 |   151 ||   375
Block: Shield            |    46 |   129 |   296 |   431 ||   902
       Reflection        |       |       |     3 |    19 ||    22
